 Dungeon Crawl Stone Soup version 0.30.0-19-g36f170ea60 (webtiles) character file.

Game seed: 11886293852011996080

153769 bmack86 the Executioner (level 17, -5/160 HPs)
             Began as a Minotaur Fighter on May 30, 2023.
             Was an Initiate of Gozag.
             Slain by Asterion
             ... wielding a +1 spectral demon trident
              (32 damage)
             ... on level 4 of the Spider Nest.
             The game lasted 01:18:52 (25341 turns).

bmack86 the Executioner (Minotaur Fighter)         Turns: 25341, Time: 01:18:53

Health: -5/160     AC: 28    Str: 34    XL:     17   Next: 5%
Magic:  16/16      EV:  8    Int:  5    God:    Gozag
Gold:   5707       SH: 21    Dex: 12    Spells: 16/16 levels left

rFire   + + .        E - +9 broad axe of Magnificence {flame, rF+ rC+ Str+4 SInv}
rCold   + + +        D - +3 tower shield of Duck's Teeth {rElec rC+ rCorr Str+3}
rNeg    + . .        G - +1 plate armour "Eshaw" {Harm Will+}
rPois   +            (helmet restricted)
rElec   +            H - +0 cloak
rCorr   +            K - +2 pair of gloves
SInv    +            X - +3 pair of seven-league boots {Rampage+∞}
Will    ++++.        S - amulet of regeneration Stlth
                     O - ring "Ryuxzixze" {rC+ Will+}
HPRegen 1.26/turn    k - ring "Cefympuo" {rPois rN+ Will+ SInv}
MPRegen 0.15/turn

%: harm (+30% outgoing, +20% incoming), rampage+∞
@: mighty, about to teleport, resistant, on berserk cooldown, hasted and slowed,
studying Polearms
A: horns 2, retaliatory headbutt
a: Renounce Religion, Potion Petition, Call Merchant, Bribe Branch


You were on level 4 of the Spider Nest.
You worshipped Gozag.
Gozag was greatly pleased with you.
You visited 5 branches of the dungeon, and saw 27 of its levels.
You also visited: Gauntlet, Ice Cave and Volcano.

You collected 9267 gold pieces.
You spent 2437 gold pieces at shops.
You paid 1123 gold pieces to Gozag.

Inventory:

Hand Weapons
 E - the +9 broad axe of Magnificence (weapon) {flame, rF+ rC+ Str+4 SInv}
   (You found it on level 9 of the Dungeon)

   Str:       It affects your strength (+4).
   rF:        It protects you from fire.
   rC:        It protects you from cold.
   SInv:      It lets you see invisible.
 R - a +5 spectral broad axe
 Y - a +5 broad axe of flaming
Missiles
 a - 14 javelins
 i - 25 boomerangs (quivered)
 I - 2 curare-tipped darts
 U - 2 silver boomerangs
Armour
 D - the +3 tower shield of Duck's Teeth (worn) {rElec rC+ rCorr Str+3}
   (You found it on level 7 of the Dungeon)

   Str:       It affects your strength (+3).
   rC:        It protects you from cold.
   rElec:     It insulates you from electricity.
   rCorr:     It protects you from acid and corrosion.
 G - the +1 plate armour "Eshaw" (worn) {Harm Will+}
   (You acquired it on level 14 of the Dungeon)

   Harm:      It increases damage dealt and taken.
   Will:      It increases your willpower.
 H - a +0 cloak (worn)
 K - a +2 pair of gloves (worn)
 W - a +1 plate armour of willpower
 X - the +3 pair of seven-league boots (worn) {Rampage+∞}
   (You found it on level 5 of the Lair of Beasts)

   Rampage+∞: When moving toward enemies, its wearer moves as far as possible,
   alerting their target en route.
Jewellery
 e - the amulet of Bausir {RegenMP rCorr Dex+5 Stlth+}
   (You found it in a Gauntlet)

   [amulet of magic regeneration]

   It increases your rate of magic regeneration.
   Dex:       It affects your dexterity (+5).
   rCorr:     It protects you from acid and corrosion.
   Stlth:     It makes you more stealthy.
 k - the ring "Cefympuo" (right hand) {rPois rN+ Will+ SInv}
   (You bought it in a shop on level 2 of the Orcish Mines)

   [ring of see invisible]

   rPois:     It protects you from poison.
   rN:        It protects you from negative energy.
   SInv:      It lets you see invisible.
   Will:      It increases your willpower.
 u - a ring of flight
 x - a ring of protection from cold
 A - the ring "Lequboll" {Ice Drain Int+2 Dex+3}
   (You found it in an ice cave)

   [ring of ice]

   It enhances your ice magic.
   Int:       It affects your intelligence (+2).
   Dex:       It affects your dexterity (+3).
   rF:        It makes you vulnerable to fire.
   rC:        It protects you from cold.
   Drain:     It drains your maximum health when unequipped.
 O - the ring "Ryuxzixze" (left hand) {rC+ Will+}
   (You bought it in a shop on level 2 of the Orcish Mines)

   [ring of protection from cold]

   rC:        It protects you from cold.
   Will:      It increases your willpower.
 Q - an amulet of the acrobat
 S - an amulet of regeneration (around neck)
 T - a +5 ring of evasion
 V - a ring of protection from fire
Wands
 f - a wand of acid (10)
 s - a wand of paralysis (8)
 v - a wand of mindburst (17)
 w - a wand of flame (68)
 y - a wand of roots (41)
 B - a wand of polymorph (23)
 F - a wand of digging (7)
Scrolls
 b - 2 scrolls of poison
 l - a scroll of identify
 q - a scroll of magic mapping
 J - 23 scrolls of teleportation
 P - 6 scrolls of fear
Potions
 c - 2 potions of resistance
 d - 2 potions of might
 g - 4 potions of mutation
 h - a potion of berserk rage
 j - 7 potions of lignification
 n - 18 potions of curing
 r - 3 potions of cancellation
 t - 3 potions of flight
 z - a potion of ambrosia
 C - 9 potions of heal wounds
 L - 3 potions of invisibility
 M - 4 potions of haste
 N - 5 potions of magic


   Skills:
 + Level 16.6 Fighting
 + Level 22.0 Axes
 - Level 10.0 Throwing
 + Level 16.6 Armour
 - Level 15.0 Shields
 + Level 4.7 Evocations


You had 16 spell levels left.
You didn't know any spells.
Your spell library contained the following spells:

 Spells                   Type           Power      Damage    Failure   Level
 Freeze                   Ice            0%         1d3       99%         1
 Magic Dart               Conj           0%         1d3       99%         1
 Necrotise                Necr           0%         1d4       99%         1
 Sandblast                Erth           0%         2d4       99%         1
 Shock                    Conj/Air       0%         1d3       99%         1
 Slow                     Hex            0%         N/A       99%         1
 Summon Small Mammal      Summ           0%         N/A       99%         1
 Blink                    Tloc           0%         N/A       100%        2
 Cigotuvi's Dreadful Rot  Necr/Pois/Air  0%         N/A       100%        2
 Lesser Beckoning         Tloc           0%         N/A       100%        2
 Momentum Strike          Conj/Tloc      0%         3d8       100%        2
 Passwall                 Tmut/Erth      0%         N/A       100%        2
 Poisonous Vapours        Pois/Air       0%         N/A       100%        2
 Scorch                   Fire           0%         2d5       100%        2
 Searing Ray              Conj           0%         2d4       100%        2
 Call Canine Familiar     Summ           0%         N/A       100%        3
 Confusing Touch          Hex            0%         N/A       100%        3
 Frozen Ramparts          Ice            0%         1d1       100%        3
 Hailstorm                Conj/Ice       0%         3d3       100%        3
 Ignite Poison            Fire/Tmut/Pois 0%         N/A       100%        3
 Inner Flame              Hex/Fire       0%         N/A       100%        3
 Mephitic Cloud           Conj/Pois/Air  0%         N/A       100%        3
 Stone Arrow              Conj/Erth      0%         3d7       100%        3
 Summon Guardian Golem    Hex/Summ       0%         N/A       100%        3
 Vampiric Draining        Necr           0%         2d6       100%        3
 Volatile Blastmotes      Fire/Tloc      0%         2d10      100%        3
 Anguish                  Hex/Necr       0%         N/A       100%        4
 Animate Armour           Summ/Erth      0%         N/A       100%        4
 Cause Fear               Hex            0%         N/A       100%        4
 Dispel Undead            Necr           0%         3d6       100%        4
 Fulminant Prism          Conj/Hex       0%         3d5       100%        4
 Ice Form                 Ice/Tmut       0%         N/A       100%        4
 Iskenderun's Mystic Bla  Conj/Tloc      0%         2d3       100%        4
 Leda's Liquefaction      Hex/Erth       0%         N/A       100%        4
 Olgreb's Toxic Radiance  Pois           0%         N/A       100%        4
 Sticky Flame             Conj/Fire      0%         2d3       100%        4
 Summon Ice Beast         Ice/Summ       0%         N/A       100%        4
 Agony                    Necr           0%         N/A       100%        5
 Blade Hands              Tmut           0%         N/A       100%        5
 Freezing Cloud           Conj/Ice/Air   0%         6-21      100%        5
 Lee's Rapid Deconstruct  Erth           0%         3d4*      100%        5
 Death Channel            Necr           0%         N/A       100%        6
 Iron Shot                Conj/Erth      0%         9d1       100%        6
 Statue Form              Tmut/Erth      0%         N/A       100%        6
 Enfeeble                 Hex            0%         N/A       100%        7
 Discord                  Hex            0%         N/A       100%        8
 Ignition                 Fire           0%         3d3       100%        8
 Maxwell's Capacitive Co  Air            0%         ∞         100%        8


Dungeon Overview and Level Annotations

Branches:
Dungeon (15/15)            Temple (1/1) D:4            Lair (5/5) D:9
 Shoals (0/4) Lair:2       Spider (4/4) Lair:2        Slime (0/5) Lair:5
    Orc (2/2) D:9             Elf (0/3) Orc:2        Vaults (0/5) D:14
 Depths (0/4) D:15          IceCv (visited)         Volcano (visited)
Gauntlet (visited)

Altars:
Ashenzari
Cheibriados
Dithmenos
Elyvilon
Fedhas
Gozag
Hepliaklqana
Kikubaaqudgha
Makhleb
Nemelex Xobeh
Okawaru
Qazlal
Ru
Sif Muna
Trog
Uskayaw
Vehumet
Wu Jian
Xom
Yredelemnul
Zin
The Shining One
Jiyva

Shops:
D:4 =   D:12 (   Orc:2 =(=(?(*(:

Portals:
Trove: D:14 (show slimy rune of Zot)

Annotations:
D:8 4 runed translucent doors
D:12 2 transporters, 1 runed translucent door, Sunscream's ghost, journeyman MiFi
D:13 exclusion: 2 statues
Spider:4 Asterion


Innate Abilities, Weirdness & Mutations

You have a pair of horns on your head.
You reflexively headbutt those who attack you in melee.


Message History

You feel strangely unstable.
The orb spider's many legs skitter faintly.
The redback is no longer distracted by gold.
The wolf spider is no longer distracted by gold.
Asterion is no longer distracted by gold.
The redback is no longer distracted by gold.
The culicivora is distracted by your dazzling golden aura.
The jumping spider leaps!
The emperor scorpion is distracted by your dazzling golden aura.
Asterion is distracted by your dazzling golden aura.
You block the redback's attack.
The redback is distracted by your dazzling golden aura.
The tarantella is distracted by your dazzling golden aura.
The jumping spider leaps!
The redback is distracted by your dazzling golden aura. [a] - 440 gold - resistance and haste [b] - 624 gold - resistance, might and haste [c] - 400 gold - heal wounds, berserk rage and resistance Purchase which effect?
You feel protected.
You feel very mighty all of a sudden.
You feel yourself speed up.
The redback is no longer distracted by gold. x2
The culicivora is no longer distracted by gold.
The emperor scorpion is no longer distracted by gold.
Asterion is no longer distracted by gold.
The demonic crawler is no longer distracted by gold.
The tarantella is no longer distracted by gold.
The wolf spider is no longer distracted by gold.
The redback is no longer distracted by gold.
The jumping spider is no longer distracted by gold.
The jumping spider leaps!
You block Asterion's attack. The +1 spectral demon trident hits you!
* * * LOW HITPOINT WARNING * * *
The redback bites you but does no damage.
The emperor scorpion stings you but does no damage.
You block the emperor scorpion's attack.
The emperor scorpion claws you but does no damage.
Asterion hits you from afar with a +1 spectral demon trident!!
You die...
Your body crumbles into a pile of gold.

##. ..#... .. ..#..# ..
.....#. .#.s...^. .ss.○.°##
#sHs....# #(Bw°.............
#####@#s.......^...^.. $
#.^sss##.#............
#.w$s####....^........
#.s^####..............
#..~###ss#.^#...............
#..s.s.s.^?....#....#.....[.
##..ws....^#.......))......#
##...ss..^.#.......<)....^...
~^.............#..^..........


You could see Asterion (fast), an emperor scorpion, an entropy weaver, 2
steelbarb worms, a torpor snail, a demonic crawler, 2 wolf spiders, 3 orb
spiders, 2 culicivoras, a tarantella, 7 redbacks and a +1 spectral demon
trident.

Vanquished Creatures
  Mara (Spider:3)
  Jorgrun (Orc:1)
  The ghost of Hufrir the Spry, an adept MfSk of Qazlal (Spider:2)
  Agnes (D:15)
  Donald (Spider:2)
  Roxanne (Spider:4)
  3 emperor scorpions
  An orc warlord (Orc:2)
  Aizul (Spider:2)
  Louise (Spider:1)
  2 very ugly things (IceCv)
  The ghost of nroviw the Brawler, a journeyman TrFi of Wu Jian (Lair:5)
  A broodmother (Spider:1)
  Nessos (D:13)
  A dire elephant (D:15)
  2 spark wasps (Spider:2)
  A minotaur (Gauntlet)
  Josephine (Spider:1)
  6 entropy weavers
  5 hydras
  Fannar (Lair:3)
  7 catoblepae
  4 centaur warriors
  3 ogre magi (Orc:2)
  6 boulder beetles
  A jorogumo (Spider:3)
  A radroach (Spider:1)
  A dancing weapon (Volcano)
  6 two-headed ogres
  15 death yaks
  A tengu warrior (D:14)
  6 pharaoh ants
  A sixfirhy (Gauntlet)
  4 sun moths
  A lindwurm (Lair:3)
  An orb spider (Spider:3)
  6 wizards
  An orange crystal statue (IceCv)
  6 steelbarb worms
  3 deep elf pyromancers
  An oklob plant (Gauntlet)
  4 ugly things (D:15)
  7 orc sorcerers (Orc:2)
  3 salamanders
  2 cyclopes
  15 wolf spiders
  4 manticores
  4 moths of wrath
  5 toenail golems (Volcano)
  10 elephants
  3 torpor snails
  4 black mambas
  A guardian serpent (Lair:5)
  Maggie (D:7)
  2 ice statues (Spider:2)
  4 demonic crawlers
  11 cane toads
  3 rime drakes
  A kobold demonologist (D:11)
  An efreet (D:9)
  5 komodo dragons
  2 freezing wraiths (IceCv)
  12 meliai
  2 polar bears
  Grinder (D:5)
  5 trolls
  20 tarantellas
  28 blink frogs
  A snapping turtle (Lair:2)
  7 slime creatures
  A shadow (D:13)
  20 culicivoras
  Sigmund (D:5)
  31 jumping spiders
  3 wyverns
  Eustachio (D:5)
  A dire elephant simulacrum (IceCv)
  3 basilisks
  9 wraiths
  3 fire bats (Lair:5)
  49 yaks
  A steam dragon (D:7)
  7 vampire mosquitoes (D:11)
  55 redbacks
  Grum (D:9)
  2 harpy simulacra (IceCv)
  6 wargs
  5 acid dragons
  Edmund (D:6)
  A hydra simulacrum (IceCv)
  13 water moccasins
  18 orc warriors
  Duvessa (D:7)
  3 alligator simulacra (IceCv)
  An ice beast (D:7)
  3 sky beasts
  A black bear (Lair:3)
  An ettin simulacrum (IceCv)
  9 ogres
  4 wolves (Lair:2)
  16 centaurs
  A phantom (D:5)
  Blork the orc (D:4)
  3 kobold brigands
  2 gnoll sergeants (D:9)
  10 bullfrogs
  2 necrophages (D:5)
  2 scorpions
  9 wights
  Dowan (D:7)
  11 killer bees (D:10)
  4 electric eels
  A vampire bat (Lair:1)
  5 howler monkeys
  A spectral bullfrog (D:5)
  A lava snake (Lair:5)
  8 hounds
  4 jellies
  A bullfrog skeleton (D:5)
  2 gnoll boudas
  13 orc priests
  A sleepcap (D:6)
  2 iguanas
  Ijyb (D:4)
  Natasha (twice) (D:2)
  38 orc wizards
  A scorpion simulacrum (D:5)
  A hound skeleton (D:5)
  5 adders
  22 gnolls
  3 ufetubi (Gauntlet)
  84 orcs
  6 ball pythons
  10 endoplasms
  3 giant cockroaches (D:1)
  7 goblins
  12 hobgoblins
  18 kobolds
  2 quokkas
  9 bats
  7 rats
864 creatures vanquished.

Vanquished Creatures (others)
  An orc wizard (Orc:2)
  A quokka (D:15)
2 creatures vanquished.

Grand Total: 866 creatures vanquished

Notes
Turn   | Place    | Note
-------+----------+-------------------------------------------
     0 | D:1      | bmack86 the Minotaur Fighter began the quest for the Orb.
     0 | D:1      | Reached XP level 1. HP: 19/19 MP: 0/0
   139 | D:1      | Reached skill level 3 in Axes
   160 | D:1      | Reached XP level 2. HP: 26/26 MP: 1/1
   269 | D:1      | Reached skill level 4 in Axes
   523 | D:1      | Reached XP level 3. HP: 31/31 MP: 2/2
   709 | D:2      | Found a faded altar of an unknown god.
   721 | D:2      | Reached skill level 5 in Axes
   729 | D:2      | Noticed Natasha
   742 | D:2      | Killed Natasha
   743 | D:2      | Reached XP level 4. HP: 15/39 MP: 3/3
   880 | D:2      | Noticed Natasha
   884 | D:2      | Killed Natasha
   980 | D:2      | Reached skill level 6 in Axes
  1873 | D:4      | Reached XP level 5. HP: 45/45 MP: 4/4
  1873 | D:4      | Noticed Blork the orc
  1883 | D:4      | Killed Blork the orc
  1884 | D:4      | Reached skill level 7 in Axes
  1887 | D:4      | Reached XP level 6. HP: 24/51 MP: 5/5
  2002 | D:4      | Reached skill level 8 in Axes
  2285 | D:4      | Noticed Ijyb
  2294 | D:4      | Killed Ijyb
  2645 | D:4      | Found a staircase to the Ecumenical Temple.
  2658 | D:4      | Found Ruom Hoe's Jewellery Boutique.
  2686 | D:5      | Entered Level 5 of the Dungeon
  2773 | D:5      | Reached skill level 9 in Axes
  2823 | D:5      | Noticed Grinder
  2834 | D:5      | Killed Grinder
  2835 | D:5      | Reached skill level 10 in Axes
  2835 | D:5      | Reached XP level 7. HP: 56/57 MP: 6/6
  2931 | D:5      | Noticed Sigmund
  2943 | D:5      | Killed Sigmund
  2944 | D:5      | Reached skill level 11 in Axes
  2944 | D:5      | Reached XP level 8. HP: 41/64 MP: 7/7
  3000 | D:5      | Found a glowing golden altar of the Shining One.
  3000 | D:5      | Found a faded altar of an unknown god.
  3008 | D:5      | Found a faded altar of an unknown god.
  3011 | D:5      | Found a blossoming altar of Fedhas.
  3013 | D:5      | Found an iron altar of Okawaru.
  3215 | D:5      | Reached skill level 12 in Axes
  3223 | D:5      | Noticed Eustachio
  3249 | D:5      | Killed Eustachio
  3250 | D:5      | Reached skill level 13 in Axes
  3268 | D:5      | Identified the +5 dagger "Yxatestry" {pain, *Noise rN++
                  | Int-5 Dex+8}
  3384 | Temple   | Entered the Ecumenical Temple
  3454 | Temple   | Became a worshipper of Gozag Ym Sagoz the Greedy
  3735 | D:6      | Reached skill level 14 in Axes
  3735 | D:6      | Reached XP level 9. HP: 48/70 MP: 8/8
  3898 | D:6      | Found a burning altar of Makhleb.
  3981 | D:6      | Noticed Edmund
  3991 | D:6      | Killed Edmund
  4266 | D:7      | Identified the +3 tower shield of Duck's Teeth {rElec rC+
                  | rCorr Str+3}
  4411 | D:7      | Reached skill level 5 in Fighting
  4411 | D:7      | Reached skill level 5 in Armour
  4411 | D:7      | Reached skill level 5 in Shields
  4744 | D:7      | Noticed Duvessa
  4746 | D:7      | Noticed Dowan
  4750 | D:7      | Killed Duvessa
  4754 | D:7      | Killed Dowan
  4880 | D:7      | Noticed Maggie
  4895 | D:7      | Killed Maggie
  4901 | D:7      | Reached XP level 10. HP: 57/84 MP: 9/9
  6027 | D:8      | Found the +5 robe of Misfortune {Harm *Corrode *Slow EV+5}
  6162 | D:8      | Found a huge runed translucent gate.
  6162 | D:8      | Noticed a manticore
  6163 | D:8      | Found a huge runed translucent gate.
  6163 | D:8      | Found a huge runed translucent gate.
  6163 | D:8      | Found a huge runed translucent gate.
  6680 | D:9      | Found a staircase to the Lair.
  6973 | D:9      | Found a staircase to the Orcish Mines.
  7287 | D:9      | Noticed a two-headed ogre
  7297 | D:9      | Noticed a two-headed ogre
  7314 | D:9      | Killed a two-headed ogre
  7540 | D:9      | Reached XP level 11. HP: 60/97 MP: 10/10
  7549 | D:9      | Killed a two-headed ogre
  7769 | D:9      | Got Cawep's Elucidation of Exhalation and Lava
  7778 | D:9      | Identified the +9 broad axe of Magnificence {flame, rF+ rC+
                  | Str+4 SInv}
  7783 | D:9      | Identified the +7 great mace of the Pyrrhic Victory {flame,
                  | rElec Stlth+}
  7934 | D:9      | Noticed Grum
  7937 | D:9      | Killed Grum
  8119 | D:10     | Entered Level 10 of the Dungeon
  8312 | D:10     | Reached skill level 10 in Shields
  8359 | D:10     | Found an ornate altar of the Wu Jian Council.
  8432 | D:10     | Found a stormy altar of Qazlal.
  8456 | D:10     | Reached skill level 15 in Axes
  8755 | D:11     | Noticed a deep elf pyromancer
  8767 | D:11     | Killed a deep elf pyromancer
  8951 | D:11     | Reached skill level 16 in Axes
  9632 | D:12     | Found a transporter.
  9706 | D:12     | Found a transporter.
 10005 | D:12     | Found a runed translucent door.
 10007 | D:12     | Noticed Sunscream's ghost (journeyman MiFi)
 10007 | D:12     | Noticed a deep troll earth mage
 10197 | D:12     | Found Ferasis's Weapon Emporium.
 10201 | D:12     | Reached XP level 12. HP: 91/105 MP: 11/11
 10500 | D:13     | Noticed a seven-headed hydra
 10501 | D:13     | Noticed a two-headed ogre
 10508 | D:13     | Killed a four-headed hydra
 10513 | D:13     | Killed a two-headed ogre
 10514 | D:13     | Reached skill level 17 in Axes
 10543 | D:13     | Found a gate leading to a gauntlet.
 10550 | Gauntlet | Entered a Gauntlet
 10550 | Gauntlet | Found a transporter.
 10550 | Gauntlet | Found a transporter.
 10557 | Gauntlet | Found a transporter.
 10557 | Gauntlet | Found a transporter.
 10559 | Gauntlet | Found a transporter.
 10608 | Gauntlet | Found a transporter.
 10609 | Gauntlet | Found a transporter.
 10609 | Gauntlet | Found a transporter.
 10611 | Gauntlet | Noticed a death yak
 10611 | Gauntlet | Noticed a death yak
 10611 | Gauntlet | Noticed a death yak
 10615 | Gauntlet | Noticed a death yak
 10637 | Gauntlet | Found a transporter.
 10644 | Gauntlet | Found a transporter.
 10655 | Gauntlet | Found a transporter.
 10671 | Gauntlet | Found a transporter.
 10697 | Gauntlet | Found a transporter.
 10717 | Gauntlet | Found a transporter.
 11025 | Gauntlet | Identified the amulet of Bausir {RegenMP rCorr Dex+5
                  | Stlth+}
 11169 | Gauntlet | Noticed a minotaur
 11186 | Gauntlet | Killed a minotaur
 11683 | D:13     | Noticed a centaur warrior
 11687 | D:13     | Killed a centaur warrior
 11688 | D:13     | Reached skill level 18 in Axes
 11760 | D:13     | Noticed Nessos
 11762 | D:13     | Noticed a centaur warrior
 11776 | D:13     | Killed a centaur warrior
 11794 | D:13     | Killed Nessos
 12365 | D:14     | Identified a scroll of acquirement
 12366 | D:14     | Acquired the +1 plate armour "Eshaw" {Harm Will+}
 12615 | D:14     | Noticed a tengu warrior
 12632 | D:14     | Killed a tengu warrior
 12734 | D:14     | Found a portal to a secret trove of treasure.
 12852 | D:14     | Noticed a centaur warrior
 12856 | D:14     | Killed a centaur warrior
 12857 | D:14     | Reached skill level 15 in Shields
 12867 | D:14     | Noticed a centaur warrior
 12870 | D:14     | Killed a centaur warrior
 12871 | D:14     | Reached skill level 1 in Throwing
 12871 | D:14     | Reached XP level 13. HP: 103/111 MP: 12/12
 12962 | D:14     | Found a gate to the Vaults.
 13274 | D:15     | Entered Level 15 of the Dungeon
 13661 | D:15     | Noticed Agnes
 13676 | D:15     | Killed Agnes
 13677 | D:15     | Reached skill level 10 in Fighting
 13677 | D:15     | Reached skill level 10 in Armour
 13825 | D:15     | Found a white marble altar of Elyvilon.
 14292 | D:15     | Found a staircase to the Depths.
 14292 | D:15     | Noticed a dire elephant
 14306 | D:15     | Killed a dire elephant
 14611 | Lair:1   | Entered Level 1 of the Lair of Beasts
 15211 | Lair:1   | Reached skill level 5 in Throwing
 15938 | Lair:2   | Reached skill level 19 in Axes
 15940 | Lair:2   | Found a hole to the Spider Nest.
 15965 | Lair:2   | Reached XP level 14. HP: 91/124 MP: 13/13
 16246 | Lair:2   | Found a staircase to the Shoals.
 17132 | Lair:3   | Noticed Fannar
 17140 | Lair:3   | Killed Fannar
 17907 | Lair:4   | Identified the +5 ring mail of Reuckac {+Inv rElec rN++
                  | rCorr}
 18207 | Lair:5   | Entered Level 5 of the Lair of Beasts
 18565 | Lair:5   | Found a viscous altar of Jiyva.
 18581 | Lair:5   | Found a staircase to the Slime Pits.
 19059 | Lair:5   | Found the +3 pair of seven-league boots {Rampage+∞}
 19237 | Lair:5   | Found a runed translucent gate.
 19237 | Lair:5   | Found a runed translucent gate.
 19237 | Lair:5   | Found a runed translucent gate.
 19238 | Lair:5   | Noticed nroviw's ghost (journeyman TrFi)
 19257 | Lair:5   | Killed nroviw's ghost
 19644 | Lair:5   | Reached skill level 20 in Axes
 19646 | Lair:5   | Reached XP level 15. HP: 136/136 MP: 14/14
 20224 | Orc:1    | Entered Level 1 of the Orcish Mines
 20321 | Orc:1    | Found a dark tunnel.
 20334 | Volcano  | Entered a volcano
 20780 | Orc:1    | Noticed Jorgrun
 20798 | Orc:1    | Killed Jorgrun
 21429 | Orc:2    | Entered Level 2 of the Orcish Mines
 21467 | Orc:2    | Found Vaennetu's General Store.
 21491 | Orc:2    | Bought 3 scrolls of teleportation for 126 gold pieces
 21491 | Orc:2    | Bought a potion of mutation for 112 gold pieces
 21508 | Orc:2    | Found Vosaum's Weapon Shoppe.
 21509 | Orc:2    | Found Terghima's Jewellery Boutique.
 21519 | Orc:2    | Bought the ring "Cefympuo" {rPois rN+ Will+ SInv} for 504
                  | gold pieces
 21519 | Orc:2    | Bought a ring of flight for 245 gold pieces
 21521 | Orc:2    | Bought the ring "Ryuxzixze" {rC+ Will+} for 526 gold pieces
 21545 | Orc:2    | Found Oseitual's Jewellery Emporium.
 21600 | Orc:2    | Bought an amulet of regeneration for 510 gold pieces
 21640 | Orc:2    | Found a staircase to the Elven Halls.
 21738 | Orc:2    | Found Ugolit's Weapon Boutique.
 21776 | Orc:2    | Found Cienk's Magic Scroll Boutique.
 21880 | Orc:2    | Bought a scroll of teleportation for 33 gold pieces
 21880 | Orc:2    | Bought a scroll of enchant weapon for 82 gold pieces
 21880 | Orc:2    | Bought a scroll of enchant weapon for 82 gold pieces
 21893 | Orc:2    | Found an ancient bone altar of Kikubaaqudgha.
 21902 | Orc:2    | Found Cawisicre's Antique Weapon Shop.
 21911 | Orc:2    | Found a radiant altar of Vehumet.
 21976 | Orc:2    | Bought a glowing broad axe for 217 gold pieces
 21985 | Orc:2    | Found Radd's Antique Weapon Shop.
 22004 | Orc:2    | Found Waaphoh's Book Boutique.
 22530 | Spider:1 | Entered Level 1 of the Spider Nest
 22530 | Spider:1 | Noticed Josephine
 22534 | Spider:1 | Killed Josephine
 22778 | Spider:1 | Noticed Louise
 22786 | Spider:1 | Killed Louise
 23037 | Spider:2 | Found a runed translucent door.
 23038 | Spider:2 | Noticed Hufrir's ghost (adept MfSk)
 23052 | Spider:2 | Killed Hufrir's ghost
 23109 | Spider:2 | Reached skill level 10 in Throwing
 23126 | Spider:2 | Reached skill level 21 in Axes
 23137 | Spider:2 | Reached XP level 16. HP: 147/147 MP: 15/15
 23186 | Spider:2 | Found a frozen archway.
 23201 | Spider:2 | Reached skill level 15 in Armour
 23207 | Spider:2 | Reached skill level 15 in Fighting
 23226 | IceCv    | Entered an ice cave
 23227 | IceCv    | Found a transporter.
 23289 | IceCv    | Found a transporter.
 23327 | IceCv    | Identified the ring "Lequboll" {Ice Drain Int+2 Dex+3}
 23623 | Spider:2 | Noticed Donald
 23640 | Spider:2 | Killed Donald
 23668 | Spider:2 | Noticed Aizul
 23675 | Spider:2 | Killed Aizul
 23985 | Spider:2 | Reached skill level 1 in Evocations
 24695 | Spider:3 | Identified the +1 ring mail of the Gardener {rC+++ Str-5
                  | Int+5 Slay-4}
 24704 | Spider:3 | Found a transporter.
 24706 | Spider:3 | Found a transporter.
 24709 | Spider:3 | Noticed Mara
 24719 | Spider:3 | Noticed bmack86's illusion
 24721 | Spider:3 | Killed Mara
 25049 | Spider:4 | Entered Level 4 of the Spider Nest
 25293 | Spider:4 | Noticed Roxanne
 25303 | Spider:4 | Killed Roxanne
 25320 | Spider:4 | Reached skill level 22 in Axes
 25323 | Spider:4 | Noticed Asterion
 25327 | Spider:4 | Reached XP level 17. HP: 76/159 MP: 16/16
 25341 | Spider:4 | Slain by Asterion

Illustrated notes

Levels and vault maps discovered:
D:1:      zaba_arrival_water, layout_basic, kennysheep_pointless_box
D:2:      layout_basic, hellmonk_ecumenical_altar_blasted, uniq_natasha
D:3:      layout_basic
D:4:      layout_basic, minmay_temple_entry_from_below_a, serial_shops,
          kennysheep_mini_moat, uniq_ijyb, uniq_blork_the_orc
D:5:      layout_basic, chequers_temple_overflow_minitemple,
          dilly_guarded_unrand_morg, uniq_eustachio, uniq_grinder, uniq_sigmund
D:6:      layout_rooms, kennysheep_mini, uniq_edmund
D:7:      layout_loops_cross, uniq_maggie, uniq_duvessa
D:8:      lemuel_bear_cage, layout_basic, nrook_uturn
D:9:      layout_cross, erik_lair_orcish_takeover, hiddenorc1_lemuel,
          serial_gnoll_camp, gnoll_camp_mini_hut, gnoll_camp_mini_hut,
          gnoll_camp_mini_hut, grums_kennel, mrwooster_statue_mirror,
          minmay_diamond_spiral
D:10:     layout_rooms, grunt_qazlal_sundering, pdpol_wu_jian_five_deadly_venoms
D:11:     layout_cave_pools
D:12:     layout_loops_corners, serial_shops, shop, ebering_ghost_inner_flame,
          nicolae_diode_stairs
D:13:     layout_long_grid, gauntlet_entry_generic, minmay_dual_archer_statues,
          uniq_nessos
D:14:     layout_stronghold, david_vaults_2, kennysheep_flooded_box,
          nicolae_trove_entry_free_sample
D:15:     hangedman_depths_entry_try_elsewhere_first, layout_loops_corners,
          elyvilon_altar_4, uniq_agnes
Temple:   nicolae_temple_bog_church
Lair:1:   layout_regular_city, roderic_batcave, nicolae_lair_grazing_beasts
          [nicolae_sub_lair_graze_edge, nicolae_sub_lair_graze_edge,
          nicolae_sub_lair_graze_edge, nicolae_sub_lair_graze_edge],
          infiniplex_staircase_pool
Lair:2:   layout_regular_city, minmay_shoals_entry_hut,
          nicolae_spider_entry_lesser_pyramids, beast_lair_carwin_5,
          infiniplex_staircase_pool_2
Lair:3:   layout_misc_corridors, serial_bayou_pond_a, lemuel_fruit_tree,
          grunt_megastairs_5, serial_bayou_shore_b, uniq_fannar
Lair:4:   layout_long_grid, serial_bayou_pond_a
Lair:5:   evilmike_catoblepas_cave, layout_gridlike,
          nicolae_slime_entry_field_trip, gammafunk_ghost_hydra_chop,
          hellmonk_guarded_unrand_seven_league_boots
Spider:1: layout_spider_delve, uniq_josephine, uniq_louise
Spider:2: layout_chambers, portal_ice_cave_entry_ice_statue_two,
          gammafunk_ghost_grave, nicolae_spider_bzzzt, uniq_donald, uniq_aizul
Spider:3: gammafunk_boulding_lane, uniq_mara
Spider:4: grunt_spider_rune_circles, uniq_asterion, uniq_roxanne
Orc:1:    layout_caves, nicolae_volcano_entry_two_sided, basic_altar,
          uniq_jorgrun
Orc:2:    kennysheep_orc_mage_school, layout_diamond_mine, serial_shops, shop,
          shop, shop, nicolae_shop_stone, shop

Skill      XL: |  1  2  3  4  5  6  7  8  9 10 11 12 13 14 15 16 |
---------------+-------------------------------------------------+-----
Axes           | 3 4 5 6 7 10 11 14 16 18 19 20 21 22 | 22.0
Fighting       | 6 9 11 13 14 16 | 16.6
Armour         | 6 9 11 13 14 16 | 16.6
Shields        | 6 9 11 15 | 15.0
Throwing       | 1 5 8 10 | 10.0
Evocations     | 4 |  4.7

Action                     |  1- 3 |  4- 6 |  7- 9 | 10-12 | 13-15 | 16-18 || total
---------------------------+-------+-------+-------+-------+-------+-------++-------
  Melee: War axe           |    69 |    78 |   182 |   191 |       |       ||   520
         Headbutt          |     5 |    11 |    37 |    84 |   114 |    61 ||   312
         Broad axe         |       |       |       |   237 |   625 |   288 ||  1150
  Throw: Boomerang         |     4 |       |       |     7 |       |     4 ||    15
 Invoke: Potion Petition   |       |       |       |     1 |       |     1 ||     2
  Evoke: Wand              |       |       |       |       |     1 |       ||     1
    Use: Scroll            |     3 |    11 |     8 |    14 |    11 |     1 ||    48
         Potion            |       |       |       |       |       |     1 ||     1
   Stab: Distracted        |       |       |       |       |     5 |     3 ||     8
         Petrified         |       |       |       |       |     4 |       ||     4
 Armour: Scale mail        |    33 |    15 |       |       |       |       ||    48
         Plate armour      |       |    10 |    74 |   160 |   176 |   103 ||   523
         Skin              |       |       |       |     2 |       |       ||     2
  Dodge: Dodged            |    35 |    26 |    35 |    73 |    82 |    40 ||   291
  Block: Buckler           |    18 |    19 |    24 |       |       |       ||    61
         Tower shield      |       |       |    40 |   472 |   558 |   252 ||  1322
